 Dungeon Crawl Stone Soup version 0.27-a0-1434-g6f15984924 (webtiles) character file.

Game seed: 6534473530272346941

32 Sobieck the Chiller (level 3, -2/25 HPs)
             Began as a Gnoll Ice Elementalist on July 3, 2021.
             Slain by a gnoll (7 damage)
             ... on level 1 of the Dungeon.
             The game lasted 00:02:14 (688 turns).

Sobieck the Chiller (Gnoll Ice Elementalist)         Turns: 688, Time: 00:02:14

Health: -2/25      AC:  2    Str:  7    XL:     3   Next: 27%
Magic:  2/9        EV: 13    Int: 15    God:
Gold:   43         SH:  0    Dex: 12    Spells: 11/12 levels left

rFire    . . .     SeeInvis .   b - +0 dagger {short}
rCold    + . .     Faith    .   (no shield)
rNeg     . . .     Spirit   .   a - +0 robe
rPois    .         Reflect  .   (no helmet)
rElec    .         Harm     .   (no cloak)
rCorr    .         Rampage  .   (no gloves)
Will     .....                  (no boots)
Stlth    ++........             (no amulet)
HPRegen  0.08/turn              d - ring of protection from cold
MPRegen  0.11/turn              (no ring)

@: no status effects
A: fangs 1, strong nose, distributed training
a: no special abilities


You were on level 1 of the Dungeon.
You visited 1 branch of the dungeon, and saw 2 of its levels.

You collected 43 gold pieces.


Innate Abilities, Weirdness & Mutations

You have very sharp teeth.
Your uncanny sense of smell can sniff out nearby items.
Your experience applies equally to all skills.


   Skills:
 + Level 0.7 Fighting
 + Level 0.7 Short Blades
 + Level 0.7 Long Blades
 + Level 0.7 Axes
 + Level 0.7 Maces & Flails
 + Level 0.7 Polearms
 + Level 0.7 Staves
 + Level 0.7 Slings
 + Level 0.7 Bows
 + Level 0.7 Crossbows
 + Level 0.7 Throwing
 + Level 0.7 Armour
 + Level 4.5 Dodging
 + Level 4.1 Stealth
 + Level 0.7 Shields
 + Level 0.7 Unarmed Combat
 + Level 5.0 Spellcasting
 + Level 0.5 Conjurations
 + Level 0.5 Hexes
 + Level 0.5 Summonings
 + Level 0.5 Necromancy
 + Level 0.5 Translocations
 + Level 0.5 Transmutations
 + Level 0.5 Fire Magic
 + Level 7.1 Ice Magic
 + Level 0.5 Air Magic
 + Level 0.5 Earth Magic
 + Level 0.5 Poison Magic
 + Level 0.9 Invocations
 + Level 0.7 Evocations


You had 11 spell levels left.
You knew the following spells:

 Your Spells              Type           Power      Damage    Failure   Level
a - Freeze                Ice            100%       1d11      1%          1

Your spell library contained the following spells:

 Spells                   Type           Power      Damage    Failure   Level
 Frozen Ramparts          Ice            50%        1d7       2%          3
 Ozocubu's Armour         Ice            25%        N/A       2%          3
 Hailstorm                Conj/Ice       15%        3d5       34%         4

Inventory:

Hand Weapons
 b - a +0 dagger (weapon) {short}
   (You found it on level 1 of the Dungeon)
Missiles
 f - 5 stones {throwing}
Armour
 a - a +0 robe (worn)
Jewellery
 d - a ring of protection from cold (left hand)
   (You found it on level 1 of the Dungeon)
Scrolls
 c - a scroll of identify {unknown}
 e - a scroll of magic mapping {unknown}

Dungeon Overview and Level Annotations

Branches:
Dungeon (2/15)

Altars:

##########.........†...
#..........###.....###.
#..........)...........
#......................
##...................#[.
#...........#+#......#..
#.............######.#.#
#..........#### #.###
#.#####@....... ..# #
#...g...#### #.#
#..........#
####.......# ∆
...#.......
#.....##.#?#######
#.....+..#. #.....#..#.
∆ .. #........# ###..#∆


You could see a gnoll.


Message History

You lost 1 mp, and now have 6/7 mp.
A kobold comes into view.
It is wielding a +0 short sword. 😎 MP[+1]
Your mp is fully restored (7).
A frilled lizard, a rat and a quokka come into view.
Found a gold piece.
Found a stone staircase leading down.
The helpless kobold fails to defend itself.
You puncture the kobold!
You kill the kobold!
What are your orders? t - Bark!
Orders for allies: a - Attack new target. r - Retreat! s - Stop attacking. g - Guard the area. f - Follow me.
Anything else - Cancel.
You bark for attention!
The frilled lizard hisses angrily.
You freeze the quokka!
You kill the quokka! 😎 MP[-1]
You lost 1 mp, and now have 6/7 mp.
You freeze the frilled lizard!
You kill the frilled lizard! 😎 MP[-1]
You lost 1 mp, and now have 5/7 mp.
You freeze the rat!
You kill the rat! 😎 MP[-1]
You lost 1 mp, and now have 4/7 mp.
You start resting. 😎 MP[+3]
Your mp is fully restored (7).
You see here a quokka corpse.
f - 5 stones {throwing}
Things that are here:
a +0 short sword {short}; a kobold corpse
(D) Dungeon
Where to? (Enter - D:2, ? - help)
An endoplasm comes into view.
You freeze the endoplasm. The endoplasm hits you. 😕 HP[-3] MP[-1]
You take 3 damage, and now have 17/20 hp.
You lost 1 mp, and now have 6/7 mp.
You freeze the endoplasm.
You kill the endoplasm! 😕 MP[-1]
You lost 1 mp, and now have 5/7 mp.
(D) Dungeon
Where to? (Enter - D:2, ? - help)
There is a stone staircase leading down here.
You climb downwards.
A gnoll comes into view. It is wielding a +0 halberd.
Found an escape hatch in the ceiling.
There is a stone staircase leading up here. 2 gnolls come into view. 😕 MP[+1]
The helpless gnoll fails to defend itself.
You puncture the gnoll! The gnoll barely misses you.
You freeze the gnoll. The gnoll hits you with a +0 halberd!
Ouch! That really hurt!
* * * LOW HITPOINT WARNING * * *
The gnoll shouts! 😱 HP[-14] MP[-1]
You take 14 damage, and now have 3/20 hp.
MASSIVE DAMAGE!! (PAUSE)
You lost 1 mp, and now have 5/7 mp.
You are too injured to fight recklessly!
Casting: Freeze (safe; 1% risk of failure)
Confirm with . or Enter, or press ? or * to list all spells.
Aiming: Freeze (safe; 1% risk of failure)
Press: ? - help, Shift-Dir - straight line, f/p - gnoll
Aim: a gnoll, wielding a +0 halberd and quivering 2 throwing nets (almost dead)
You freeze the gnoll.
You kill the gnoll!
Your Spellcasting skill increases to level 5!
You have reached level 3!
Your experience leads to an increase in your attributes!
Increase (S)trength, (I)ntelligence, or (D)exterity?
You feel clever. 😱 HP[+2] MP[-1]
You now have 25 max hp (+5).
You regained 2 hp, and now have 5/25 hp.
There is a stone staircase leading up here.
The gnoll misses you.
You climb upwards.
There is a stone staircase leading down here.
Casting: Freeze (safe; 1% risk of failure)
Confirm with . or Enter, or press ? or * to list all spells.
Aiming: Freeze (safe; 1% risk of failure)
Press: ? - help, Shift-Dir - straight line, f - gnoll
Aim: a gnoll, wielding a +0 flail You freeze the gnoll.
The gnoll barely misses you. 😱 MP[-1]
You lost 1 mp, and now have 3/9 mp.
Casting: Freeze (safe; 1% risk of failure)
Confirm with . or Enter, or press ? or * to list all spells.
Aiming: Freeze (safe; 1% risk of failure)
Press: ? - help, Shift-Dir - straight line, f/p - gnoll
Aim: a gnoll, wielding a +0 flail (lightly wounded)
You freeze the gnoll! The gnoll hits you with a +0 flail!
You die...

Skill      XL: |  1  2 |
---------------+-------+-----
Spellcasting   | 5 |  5.0
Fighting       | |  0.7
Short Blades   | |  0.7
Long Blades    | |  0.7
Axes           | |  0.7
Maces & Flails | |  0.7
Polearms       | |  0.7
Staves         | |  0.7
Slings         | |  0.7
Bows           | |  0.7
Crossbows      | |  0.7
Throwing       | |  0.7
Armour         | |  0.7
Dodging        | |  4.5
Stealth        | |  4.1
Shields        | |  0.7
Unarmed Combat | |  0.7
Conjurations   | |  0.5
Hexes          | |  0.5
Summonings     | |  0.5
Necromancy     | |  0.5
Translocations | |  0.5
Transmutations | |  0.5
Fire Magic     | |  0.5
Ice Magic      | |  7.1
Air Magic      | |  0.5
Earth Magic    | |  0.5
Poison Magic   | |  0.5
Invocations    | |  0.9
Evocations     | |  0.7

Action                   || total
-------------------------++-------
Melee: Unarmed           ||     2
       Dagger            ||     9
 Cast: Freeze            ||    25
 Stab: Sleeping          ||     3
Armor: Robe              ||     1
Dodge: Dodged            ||    11

Levels and vault maps discovered:
D:1:      dpeg_arrival_round_a, layout_basic, serial_corexii_hall,
          chequers_hall_statues_corner_a, chequers_hall_statues_corner_a
D:2:      layout_rooms, corner_web_ring, nicolae_underground_beach

Notes
Turn   | Place    | Note
-------+----------+-------------------------------------------
     0 | D:1      | Sobieck the Gnoll Ice Elementalist began the quest for the
                  | Orb.
     0 | D:1      | Reached XP level 1. HP: 13/13 MP: 6/6
     0 | D:1      | magus.rc [v1.9.6]
   356 | D:1      | Reached XP level 2. HP: 19/19 MP: 5/7
   682 | D:2      | HP: 3/20 [gnoll (14)]
   684 | D:2      | Reached skill level 5 in Spellcasting
   684 | D:2      | Reached XP level 3. HP: 5/25 MP: 4/9
   688 | D:1      | Slain by a gnoll

Vanquished Creatures
  A gnoll (D:2)
  2 ball pythons (D:1)
  A bat (D:1)
  6 endoplasms (D:1)
  2 hobgoblins (D:1)
  2 kobolds (D:1)
  A quokka (D:1)
  2 frilled lizards (D:1)
  3 rats (D:1)
20 creatures vanquished.

Table legend:
 A = Non-vault XP
 B = Vault XP
 C = Vault XP percentage of total XP
 D = Non-vault monster count
 E = Vault monster count
 F = Vault count percentage of total count
                 A         B        C        D         E       F
            +---------+---------+-------+---------+---------+-------
      Total |      47 |       0 |   0.0 |      20 |       0 |   0.0
            +---------+---------+-------+---------+---------+-------
        D:1 |      32 |       0 |   0.0 |      19 |       0 |   0.0
        D:2 |      15 |       0 |   0.0 |       1 |       0 |   0.0
            +---------+---------+-------+---------+---------+-------

Illustrated notes

Table legend:
 A = Kills in this place as a percentage of kills in entire the game.
 B = Kills by you in this place as a percentage of kills by you in the entire game.
 C = Kills by friends in this place as a percentage of kills by friends in the entire game.
 D = Other kills in this place as a percentage of other kills in the entire game.
 E = Experience gained in this place as a percentage of experience gained in the entire game.
 F = Experience gained in this place divided by the number of levels of this place that you have seen.
                   A       B       C       D       E      F
               +-------+-------+-------+-------+-------+----------------------
         Total | 100.0 | 100.0 |   N/A |   N/A | 100.0 |  23.5
       Dungeon | 100.0 | 100.0 |   N/A |   N/A | 100.0 |  23.5
               +-------+-------+-------+-------+-------+----------------------

Table legend: (Time is in decaauts)
 A = Elapsed time spent in this place.
 B = Non-inter-level travel time spent in this place.
 C = Inter-level travel time spent in this place.
 D = Time resting spent in this place.
 E = Time spent auto-exploring this place.
 F = Levels seen in this place.
 G = Mean time per level.
                   A        B        C        D        E       F      G
               +--------+--------+--------+--------+--------+-----+--------+
         Total |    688 |    674 |     14 |     59 |    481 |   2 |  344.0 |
       Dungeon |    688 |    674 |     14 |     59 |    481 |   2 |  344.0 |
               +--------+--------+--------+--------+--------+-----+--------+

Top non-repeatable levels by time:
     D:1: 678 daAuts
     D:2: 9 daAuts
